 Dungeon Crawl Stone Soup version 0.31-a0-188-g5e087ee2ca (webtiles) character file.

Game seed: 13218194010838559055

43 qw the Shooter (level 3, -1/20 HPs)
             Began as a Deep Elf Hunter on June 23, 2023.
             Slain by a hobgoblin (2 damage)
             ... on level 1 of the Dungeon.
             The game lasted 00:00:20 (758 turns).

qw the Shooter (Deep Elf Hunter)                     Turns: 758, Time: 00:00:20

Health: -1/20      AC:  3    Str: 10    XL:     3   Next: 37%
Magic:  5/5        EV: 12    Int: 13    God:
Gold:   39         SH:  0    Dex: 18    Spells: 2/2 levels left

rFire   . . .        Y - +0 shortbow
rCold   . . .        (shield currently unavailable)
rNeg    . . .        c - +0 leather armour
rPois   .            (no helmet)
rElec   .            (no cloak)
rCorr   .            (no gloves)
SInv    .            (no boots)
Will    .....        (no amulet)
Stlth   ++           (no ring)
HPRegen 0.23/turn    (no ring)
MPRegen 0.09/turn

%: no passive effects
@: no status effects
A: no striking features
a: no special abilities


You were on level 1 of the Dungeon.
You visited 1 branch of the dungeon, and saw 2 of its levels.

You collected 39 gold pieces.


   Skills:
 - Level 1.5 Fighting
 + Level 6.9 Ranged Weapons
 - Level 2.4 Dodging
 - Level 1.2 Stealth


You had 2 spell levels left.
You didn't know any spells.
Your spell library was empty.

Inventory:

Hand Weapons
 Y - a +0 shortbow (weapon)
Armour
 c - a +0 leather armour (worn)
Potions
 f - a potion of invisibility {unknown}
 h - a potion of attraction {unknown}
 i - a potion of mutation {unknown}

Dungeon Overview and Level Annotations

Branches:
Dungeon (2/15)

Altars:


Message History

The arrow hits the kobold but does no damage.
The kobold is severely wounded.
The hobgoblin misses you. The kobold misses you.
The goblin hits you with a +0 dagger. The giant cockroach bites you.
750 ||| STAIRDANCE The hobgoblin hits you.
The kobold hits you with a +0 club. The goblin closely misses you.
The giant cockroach bites you.
You climb upwards.
There is a stone staircase leading down here.
Enter note:
Enter note:
Enter note:
Enter note:
Enter note: You shoot an arrow.
The arrow barely misses the kobold.
The giant cockroach misses you. The kobold barely misses you.
The goblin hits you with a +0 dagger. The hobgoblin hits you.
You shoot an arrow. The arrow hits the kobold.
You kill the kobold!
The giant cockroach barely misses you. The hobgoblin barely misses you.
The goblin barely misses you.
You shoot an arrow. The arrow barely misses the goblin.
The giant cockroach bites you but does no damage.
The hobgoblin hits you but does no damage.
The goblin hits you with a +0 dagger. The giant cockroach bites you.
You shoot an arrow. The arrow misses the goblin.
The goblin closely misses you. The hobgoblin hits you.
The giant cockroach bites you.
You shoot an arrow. The arrow hits the goblin!
You kill the goblin!
The giant cockroach barely misses you. The hobgoblin misses you.
The giant cockroach misses you.
You shoot an arrow.
The arrow hits the giant cockroach but does no damage.
The hobgoblin hits you. The giant cockroach misses you.
The hobgoblin hits you but does no damage.
You shoot an arrow.
The arrow closely misses the giant cockroach.
The giant cockroach closely misses you. The hobgoblin hits you.
You die...

¤...#.####.#).....# #.#
¤#.....#...'......# #.#
...#.#...#.#......# #.#
#........#.######## #.#
..#...#..#.##### #.#
....#..........### #.#
..#...#..........# #.#
#..............g.# #.#
...#.#.........)@# #.#
.#.......####..B)# #.#
....#.....# #....# #.#
.#........# ####.# #.#
...#.#....# #.# #.#
#.........# #.# #.#
..#...#..## #.######.#
....#....#######......).#
..#...##.##.........#####


You could see a giant cockroach and a hobgoblin.

Vanquished Creatures
  A gnoll (D:1)
  6 bats (D:1)
  3 endoplasms (D:1)
  A goblin (D:1)
  6 hobgoblins (D:1)
  6 kobolds
  A quokka (D:1)
  2 ball pythons (D:1)
  6 frilled lizards (D:1)
32 creatures vanquished.

Notes
Turn   | Place    | Note
-------+----------+-------------------------------------------
     0 | D:1      | qw the Deep Elf Hunter began the quest for the Orb.
     0 | D:1      | Reached XP level 1. HP: 12/12 MP: 3/3
     0 | D:1      | 0 ||| qw: Version: 0.3-a-9-g12657ce
     0 | D:1      | 0 ||| qw: Game counter: 3729
     0 | D:1      | 0 ||| qw: Always use a shield: true
     0 | D:1      | 0 ||| qw: God list: Okawaru
     0 | D:1      | 0 ||| qw: Allow faded altars: false
     0 | D:1      | 0 ||| qw: Do Orc after D:15 true
     0 | D:1      | 0 ||| qw: Do second Lair branch before Depths: true
     0 | D:1      | 0 ||| qw: Lair rune preference: random
     0 | D:1      | 0 ||| qw: Plans: Normal
     0 | D:1      | 0 ||| PLANNING D:1-11
    96 | D:1      | Reached skill level 6 in Ranged Weapons
    96 | D:1      | Reached XP level 2. HP: 16/16 MP: 4/4
   188 | D:1      | Reached XP level 3. HP: 20/20 MP: 5/5
   226 | D:1      | Found a faded altar of an unknown god.
   725 | D:1      | 725 ||| READING scroll labelled ESTRIPPO ENWAU.
   726 | D:1      | 726 ||| READING scroll labelled WACOIZX OFACWAENG.
   727 | D:1      | 727 ||| READING scroll labelled WYGROA LIRU.
   728 | D:1      | 728 ||| DROPPING scroll of butterflies.
   750 | D:2      | 750 ||| STAIRDANCE
   754 | D:1      | HP: 5/20 [giant cockroach (2)]
   755 | D:1      | HP: 2/20 [giant cockroach (2)]
   758 | D:1      | Slain by a hobgoblin

Levels and vault maps discovered:
D:1:      onia_arrival_pentagram, layout_basic,
          shapermc_ecumenical_altar_flowoftime, hangedman_decor_clover_reticule,
          nicolae_kite_square_tiling_tiny
D:2:      layout_rooms, serial_shops, nicolae_shop_tiny_glass, basic_altar,
          wad_orctagon

Skill      XL: |  1 |
---------------+----+-----
Ranged Weapons | 6 |  6.9
Fighting       | |  1.5
Dodging        | |  2.4
Stealth        | |  1.2

Action                     || total
---------------------------++-------
   Fire: Shortbow          ||    86
    Use: Scroll            ||     3
 Armour: Leather armour    ||    19
  Dodge: Dodged            ||    41

Table legend:
 A = Non-vault XP
 B = Vault XP
 C = Vault XP percentage of total XP
 D = Non-vault monster count
 E = Vault monster count
 F = Vault count percentage of total count
                 A         B        C        D         E       F
            +---------+---------+-------+---------+---------+-------
      Total |      62 |       0 |   0.0 |      32 |       0 |   0.0
            +---------+---------+-------+---------+---------+-------
        D:1 |      61 |       0 |   0.0 |      31 |       0 |   0.0
        D:2 |       1 |       0 |   0.0 |       1 |       0 |   0.0
            +---------+---------+-------+---------+---------+-------
